 Dungeon Crawl Stone Soup version 0.30.0-29-ga12c61a403 (webtiles) character file.

Game seed: 13210839550870404201

8350 Revguard the Cleaver (level 11, -1/95 HPs)
             Began as a Hill Orc Fighter on June 17, 2023.
             Was an Elder of Beogh.
             Slain by Snorg (22 damage)
             ... on level 10 of the Dungeon.
             The game lasted 00:22:22 (8283 turns).

Revguard the Cleaver (Hill Orc Fighter)             Turns: 8283, Time: 00:22:24

Health: -1/95      AC: 23    Str: 22    XL:     11   Next: 29%
Magic:  19/19      EV:  6    Int:  8    God:    Beogh [****..]
Gold:   195        SH:  8    Dex: 27    Spells: 10/10 levels left

rFire   . . .        G - +8 broad axe "Geawad" {drain, rF+ rN+++ rCorr SInv}
rCold   + . .        c - +0 buckler
rNeg    + + +        g - +0 crystal plate armour
rPois   .            (no helmet)
rElec   .            C - scarf {+Inv}
rCorr   +            p - +0 pair of gloves {Dex+3}
SInv    +            R - +2 pair of boots of Pragmatism {rF- rC+ SInv}
Will    .....        a - amulet of regeneration
Stlth   x              - +6 ring of dexterity
HPRegen 1.15/turn    L - +6 ring of dexterity
MPRegen 0.16/turn

%: no passive effects
@: studying Invocations
A: no striking features
a: Renounce Religion, Evoke Invisibility, Smiting, Recall Orcish Followers


You were on level 10 of the Dungeon.
You worshipped Beogh.
Beogh was greatly pleased with you.
You visited 1 branch of the dungeon, and saw 10 of its levels.

You collected 641 gold pieces.
You spent 446 gold pieces at shops.

Inventory:

Hand Weapons
 k - a +1 mace of holy wrath
 v - a +2 vampiric hand axe
 w - a +2 long sword of freezing
 y - the +7 hand axe "Uroifauc" {vamp, rF+}
   (You found it on level 3 of the Dungeon)

   rF:        It protects you from fire.
 z - a +0 trident of flaming
 D - a +3 rapier of protection
 F - a +4 battleaxe
 G - the +8 broad axe "Geawad" (weapon) {drain, rF+ rN+++ rCorr SInv}
   (You acquired it on level 10 of the Dungeon)

   rF:        It protects you from fire.
   rN:        It renders you almost immune to negative energy.
   SInv:      It lets you see invisible.
   rCorr:     It protects you from acid and corrosion.
 M - a +3 scimitar of flaming
Missiles
 E - 2 throwing nets (quivered)
Armour
 c - a +0 buckler (worn)
 g - a +0 crystal plate armour (worn)
 p - a +0 pair of gloves of dexterity (worn)
 C - a scarf of invisibility (worn)
 H - a +0 troll leather armour
 K - a +0 plate armour
 N - a +2 robe of the Archmagi
 R - the +2 pair of boots of Pragmatism (worn) {rF- rC+ SInv}
   (You bought it in a shop on level 9 of the Dungeon)

   rF:        It makes you vulnerable to fire.
   rC:        It protects you from cold.
   SInv:      It lets you see invisible.
Jewellery
 a - an amulet of regeneration (around neck)
 h - an amulet of reflection
 x - a +6 ring of dexterity (left hand)
 A - a ring of fire
 L - a +6 ring of dexterity (right hand)
 Q - a ring of fire
Wands
 n - a wand of flame (20)
 r - a wand of digging (4)
Scrolls
 b - 2 scrolls of silence
 e - 2 scrolls of amnesia
 i - 6 scrolls of enchant weapon
 j - 2 scrolls of fear
 o - a scroll of butterflies
 q - a scroll of noise
 s - a scroll of magic mapping
 u - 3 scrolls of teleportation
 J - a scroll of blinking
 O - a scroll of brand weapon
 T - a scroll of identify
Potions
 d - 2 potions of ambrosia
 f - 4 potions of lignification
 l - 4 potions of curing
 m - 2 potions of invisibility
 t - 6 potions of brilliance
 B - 3 potions of flight
 I - a potion of haste
 P - a potion of berserk rage
 S - a potion of mutation


   Skills:
 + Level 8.3 Fighting
 * Level 11.2 Axes
 + Level 7.4 Armour
 + Level 5.0 Dodging
 + Level 7.3 Shields
 + Level 10.8 Invocations
 + Level 5.9 Evocations


You had 10 spell levels left.
You didn't know any spells.
Your spell library contained the following spells:

 Spells                   Type           Power      Damage    Failure   Level
 Necrotise                Necr           0%         1d4       100%        1
 Summon Small Mammal      Summ           0%         N/A       100%        1
 Call Canine Familiar     Summ           0%         N/A       100%        3
 Summon Guardian Golem    Hex/Summ       0%         N/A       100%        3
 Vampiric Draining        Necr           0%         2d6       100%        3
 Agony                    Necr           0%         N/A       100%        5


Dungeon Overview and Level Annotations

Branches:
Dungeon (10/15)            Temple (0/1) D:6             Orc (0/2) D:10
   Lair: D:8-11

Altars:
Dithmenos
Elyvilon
Kikubaaqudgha
Nemelex Xobeh
Qazlal
Trog
Vehumet
Wu Jian
Xom

Shops:
D:9 [

Annotations:
D:10 Snorg


Message History

Snorg is lightly wounded.
You hit the yak.
Your orc wizard gestures at Snorg while chanting.
The puff of flame hits the yak!
Snorg bites you! Snorg completely misses you.
Snorg claws you but does no damage. The yak gores your orc wizard.
The yak gores your orc wizard but does no damage.
Warrok roars a battlecry!
Your orcs go into a battle-frenzy!
You slash Snorg!
Snorg is moderately wounded.
You strike the helpless yak from behind!
You hit the yak. You completely miss the yak. Snorg bites you.
You block Snorg's attack. Snorg claws you but does no damage.
Your orc wizard hits the yak with a +0 dagger.
The yak gores you but does no damage.
The yak gores your orc wizard but does no damage. x2
Snorg bites you. Snorg claws you but does no damage. Snorg claws you.
Warrok completely misses the yak.
You barely miss Snorg.
Snorg is moderately wounded.
You slash the yak!
You kill the yak!
Beogh accepts your kill.
Your orc looks more experienced.
You slash the yak!
You kill the yak!
Beogh accepts your kill. Snorg bites you! You block Snorg's attack.
Snorg claws you!
Warrok hits the yak with a +1 flail of venom!
The yak dies!
Beogh accepts your kill.
Your Dodging skill increases to level 5!
You slash Snorg!
Snorg is moderately wounded.
Snorg bites you. Snorg claws you!
* * * LOW HITPOINT WARNING * * *
Snorg barely misses you.
Your orc wizard hits Snorg with a +0 dagger.
Snorg bites you!!
You die...

..............#
..........######.......!
..........# #........
..........# #........
..........# #........
..........# #........
..........# #........
#####.....#### #.T......
#........###@o......
...............o...... #
###........###o.......
######...# #........
#)..# #........ #####
#........ ##.###### .#
.#


You could see Snorg (berserk, ally target), the friendly Warrok the orc knight,
a friendly orc wizard (strong) and a friendly orc (strong).

Vanquished Creatures
  Erica (D:8)
  Joseph (D:7)
  Psyche (D:9)
  2 hornets
  A wraith (D:6)
  The ghost of Zazubon the Trooper, an amateur MiFi of Ru (D:3)
  Eustachio (D:6)
  Grum (D:8)
  A wyvern (D:9)
  5 yaks (D:10)
  A steam dragon (D:7)
  A warg (D:10)
  3 water moccasins
  A black bear (D:7)
  An orc warrior (D:7)
  4 sky beasts
  2 wolves (D:8)
  4 centaurs
  2 phantoms (D:5)
  2 kobold brigands
  A bullfrog (D:7)
  4 scorpions
  6 wights
  6 killer bees
  2 electric eels (D:8)
  2 quasits (D:3)
  3 hounds
  A jelly (D:4)
  3 gnoll boudas
  5 orc priests
  Jessica (D:3)
  A sleepcap (D:7)
  5 iguanas
  7 orc wizards
  17 gnolls
  6 adders
  A shadow imp (D:7)
  6 white imps
  3 worms
  2 dart slugs
  25 orcs
  9 ball pythons
  4 endoplasms
  5 giant cockroaches
  5 hobgoblins
  8 jackals (D:1)
  6 quokkas
  3 bats
  5 frilled lizards
  6 goblins
  10 kobolds
  7 rats
211 creatures vanquished.

Vanquished Creatures (collateral kills)
  An unseen horror (D:10)
  A troll (D:10)
  A wyvern (D:10)
  5 yaks (D:10)
  A warg (D:10)
  A water moccasin (D:10)
  A centaur (D:10)
  2 wolves (D:8)
  A gnoll sergeant (D:9)
  2 killer bees (D:9)
  2 howler monkeys
  An electric eel (D:8)
  An orc wizard (D:10)
  2 gnolls (D:9)
22 creatures vanquished.

Vanquished Creatures (others)
  2 orc warriors (D:10)
  2 orc priests
  10 orcs
  A giant cockroach (D:3)
15 creatures vanquished.

Grand Total: 248 creatures vanquished

Notes
Turn   | Place    | Note
-------+----------+-------------------------------------------
     0 | D:1      | Revguard the Hill Orc Fighter began the quest for the Orb.
     0 | D:1      | Reached XP level 1. HP: 19/19 MP: 1/1
   155 | D:1      | Reached XP level 2. HP: 26/27 MP: 2/2
   419 | D:1      | Reached skill level 3 in Axes
   420 | D:1      | Reached skill level 1 in Invocations
   465 | D:1      | Reached XP level 3. HP: 31/33 MP: 3/3
   844 | D:1      | Reached skill level 1 in Dodging
  1267 | D:2      | Reached XP level 4. HP: 40/40 MP: 5/5
  1470 | D:2      | Reached skill level 1 in Evocations
  2041 | D:3      | Became a worshipper of Beogh the Brigand
  2142 | D:3      | Noticed Jessica
  2151 | D:3      | Killed Jessica
  2152 | D:3      | Reached XP level 5. HP: 34/43 MP: 6/6
  2192 | D:3      | Noticed Zazubon's ghost (amateur MiFi)
  2204 | D:3      | Found a transporter.
  2213 | D:3      | Found a transporter.
  2731 | D:3      | Killed Zazubon's ghost
  2732 | D:3      | Reached skill level 4 in Axes
  2732 | D:3      | Reached XP level 6. HP: 26/53 MP: 6/8
  2761 | D:3      | Identified the +7 hand axe "Uroifauc" {vamp, rF+}
  2846 | D:4      | Reached * piety under Beogh
  2949 | D:4      | Reached XP level 7. HP: 59/60 MP: 9/9
  3029 | D:4      | Found an ancient bone altar of Kikubaaqudgha.
  3029 | D:4      | Found a sparkling altar of Nemelex Xobeh.
  3030 | D:4      | Found a shimmering altar of Xom.
  3526 | D:5      | Entered Level 5 of the Dungeon
  3607 | D:5      | Reached skill level 5 in Fighting
  3933 | D:5      | Found a stormy altar of Qazlal.
  3934 | D:5      | Found a bloodstained altar of Trog.
  3934 | D:5      | Found an ornate altar of the Wu Jian Council.
  3935 | D:5      | Found a shadowy altar of Dithmenos.
  4112 | D:5      | Reached skill level 5 in Axes
  4458 | D:6      | Identified the +8 short sword of Patience {heavy, Int+2}
  4542 | D:6      | Found a staircase to the Ecumenical Temple.
  4555 | D:6      | Noticed Eustachio
  4579 | D:6      | Killed Eustachio
  4580 | D:6      | Reached skill level 5 in Invocations
  4580 | D:6      | Reached XP level 8. HP: 62/69 MP: 11/11
  4625 | D:6      | Reached skill level 5 in Armour
  4728 | D:6      | Noticed a wraith
  4740 | D:6      | Killed a wraith
  4741 | D:6      | Reached skill level 6 in Axes
  4878 | D:6      | Reached skill level 5 in Shields
  5496 | D:7      | Noticed Joseph
  5503 | D:7      | Reached ** piety under Beogh
  5522 | D:7      | Killed Joseph
  5523 | D:7      | Reached skill level 7 in Axes
  5523 | D:7      | Reached XP level 9. HP: 61/77 MP: 14/14
  5769 | D:7      | Reached skill level 8 in Axes
  6343 | D:8      | Reached XP level 10. HP: 86/86 MP: 16/16
  6367 | D:8      | Reached skill level 9 in Axes
  6523 | D:8      | Reached *** piety under Beogh
  6603 | D:8      | Noticed Erica
  6647 | D:8      | Killed Erica
  6697 | D:8      | Reached skill level 5 in Evocations
  6744 | D:8      | Noticed Grum
  6777 | D:8      | Killed Grum
  6869 | D:8      | Reached skill level 10 in Axes
  7444 | D:9      | Found a white marble altar of Elyvilon.
  7575 | D:9      | Paralysed by a hornet for 1 turns
  7579 | D:9      | Paralysed by a hornet for 3 turns
  7579 | D:9      | Noticed Psyche
  7603 | D:9      | Killed Psyche
  7740 | D:9      | Found Iheuh's Armour Emporium.
  7743 | D:9      | Reached **** piety under Beogh
  7751 | D:9      | Bought a +0 pair of gloves of dexterity for 138 gold pieces
  7751 | D:9      | Bought the +2 pair of boots of Pragmatism {rF- rC+ SInv}
                  | for 308 gold pieces
  7804 | D:9      | Reached skill level 10 in Invocations
  8057 | D:10     | Entered Level 10 of the Dungeon
  8057 | D:10     | Found a staircase to the Orcish Mines.
  8058 | D:10     | Noticed an unseen horror
  8072 | D:10     | Reached XP level 11. HP: 80/94 MP: 18/18
  8101 | D:10     | Identified a scroll of acquirement
  8103 | D:10     | Acquired the +8 broad axe "Geawad" {drain, rF+ rN+++ rCorr
                  | SInv}
  8149 | D:10     | Found a radiant altar of Vehumet.
  8152 | D:10     | Gained Warrok as an ally
  8155 | D:10     | Reached skill level 11 in Axes
  8273 | D:10     | Noticed Snorg
  8283 | D:10     | Reached skill level 5 in Dodging
  8283 | D:10     | Slain by Snorg

Illustrated notes

Levels and vault maps discovered:
D:1:      giann_wishing_wells, layout_basic
D:2:      minmay_spotlight, layout_loops_cross, minmay_mini_jars
D:3:      layout_loops_corners, gammafunk_ghost_stat_death, uniq_jessica
D:4:      layout_gridville, gammafunk_temple_overflow_claw, minmay_manual_maat
D:5:      layout_basic, chequers_temple_overflow_statue_of_worship
D:6:      layout_loops_corners, minmay_temple_entry_mini_moons, uniq_eustachio
D:7:      layout_basic, minmay_alternating_orb, uniq_joseph
D:8:      nicolae_moon_pools, layout_layer_cave, hangedman_decor_points,
          serial_bayou_pond_d, uniq_erica, uniq_grum
D:9:      layout_basic, amcnicky_altar_gilded, serial_shops, shop, uniq_psyche
D:10:     layout_basic, mainiacjoe_overflow_chevrons, minmay_lair_entry_grove,
          david_orc_3, uniq_snorg, uniq_erolcha

Skill      XL: |  1  2  3  4  5  6  7  8  9 10 11 |
---------------+----------------------------------+-----
Axes           | 3 4 5 7 8 10 11 | 11.2
Invocations    | 1 2 3 5 7 8 10 | 10.8
Dodging        | 1 2 3 4 5 |  5.0
Fighting       | 4 5 6 7 8 |  8.3
Evocations     | 1 2 3 4 5 |  5.9
Armour         | 4 5 6 7 |  7.4
Shields        | 4 5 6 7 |  7.3

Action                     |  1- 3 |  4- 6 |  7- 9 | 10-12 || total
---------------------------+-------+-------+-------+-------++-------
  Melee: War axe           |    94 |   102 |       |       ||   196
         Mace              |       |    16 |     9 |       ||    25
         Hand axe          |       |    14 |   273 |   190 ||   477
         Broad axe         |       |       |       |    18 ||    18
 Invoke: Convert to Beogh  |       |     1 |       |       ||     1
  Evoke: Wand              |       |       |     2 |     2 ||     4
    Use: Scroll            |     2 |     5 |    12 |     6 ||    25
         Potion            |     1 |     1 |     2 |     3 ||     7
   Stab: Paralysed         |       |       |     6 |     1 ||     7
         Distracted        |       |       |       |     1 ||     1
 Armour: Scale mail        |    17 |       |       |       ||    17
         Crystal plate arm |    61 |   119 |   172 |   158 ||   510
         Chain mail        |     5 |       |       |       ||     5
  Dodge: Dodged            |    23 |    11 |    46 |    67 ||   147
  Block: Buckler           |    31 |    68 |   159 |    86 ||   344
         Reflection        |       |     1 |     4 |       ||     5
